 Dungeon Crawl Stone Soup version 0.31-a0-229-g1fc7ce9 (webtiles) character file.

Game seed: 2815631450252732906

20850 Dawnplanks the Stormcaller (level 12, -9/64 HPs)
             Began as a Tengu Air Elementalist on July 6, 2023.
             Was a Priest of Vehumet.
             Mangled by a hell beast (16 damage)
             ... in a Gauntlet.
             The game lasted 00:39:57 (14967 turns).

Dawnplanks the Stormcaller (TeAE)                  Turns: 14967, Time: 00:39:57

Health: -9/64      AC:  5    Str:  8    XL:     12   Next: 83%
Magic:  27/38      EV: 17    Int: 23    God:    Vehumet [***...]
Gold:   410        SH:  0    Dex: 21    Spells: 9/36 levels left

rFire   . . .        g - staff of air
rCold   . . .        (no shield)
rNeg    + . .        a - +0 robe
rPois   .            E - +2 hat {Int+3}
rElec   +            d - scarf {repulsion}
rCorr   .            o - +0 pair of gloves {hurl}
SInv    .            (boots unavailable)
Will    .....        (no amulet)
Stlth   ++           v - ring of magical power
HPRegen 0.30/turn    P - ring "Vuoghyrgh" {+Blink rElec rN+ Dex+5}
MPRegen 0.26/turn

%: no teleportation, repel missiles
@: flying quickly and evasively, quick
A: beak, talons 3, nimble flight
a: Renounce Religion, Evoke Blink


You were in a Gauntlet.
You worshipped Vehumet.
Vehumet was most pleased with you.
You visited 3 branches of the dungeon, and saw 14 of its levels.
You also visited: Bailey and Gauntlet.

You collected 904 gold pieces.
You spent 494 gold pieces at shops.

Inventory:

Hand Weapons
 F - a +2 whip of freezing
Missiles
 N - 2 throwing nets
Armour
 a - a +0 robe (worn)
 d - a scarf of repulsion (worn)
 o - a +0 pair of gloves of hurling (worn)
 C - a +2 cloak
 E - a +2 hat of intelligence (worn)
 Q - a +1 cloak of stealth
Magical Staves
 g - a staff of air (weapon)
Jewellery
 v - a ring of magical power (left hand)
 J - a ring of resist corrosion
 O - an amulet of guardian spirit
 P - the ring "Vuoghyrgh" (right hand) {+Blink rElec rN+ Dex+5}
   (You acquired it in a Gauntlet)

   [ring of positive energy]

   Dex:       It affects your dexterity (+5).
   rElec:     It insulates you from electricity.
   rN:        It protects you from negative energy.
   +Blink:    It lets you blink.
 R - a ring of protection from fire
Wands
 A - a wand of flame (33)
 G - a wand of iceblast (8)
 I - a wand of charming (6)
Scrolls
 c - a scroll of revelation {unknown}
 f - 2 scrolls of silence {unknown}
 h - 2 scrolls of torment
 j - a scroll of butterflies
 m - 5 scrolls of teleportation
 n - 4 scrolls of noise
 p - 6 scrolls of enchant weapon {unknown}
 q - a scroll of blinking
 s - 3 scrolls of enchant armour {unknown}
 t - 2 scrolls of fog
 w - 4 scrolls of vulnerability {unknown}
 y - 3 scrolls of fear {unknown}
 H - 3 scrolls of brand weapon {unknown}
 L - 2 scrolls of immolation
 M - a scroll of amnesia
Potions
 b - 2 potions of magic
 e - 2 potions of invisibility
 i - 2 potions of cancellation
 k - 3 potions of lignification
 l - 6 potions of curing
 r - 2 potions of haste
 u - 2 potions of enlightenment
 x - a potion of brilliance
 z - 5 potions of heal wounds
 B - a potion of attraction
 D - 2 potions of might
 K - a potion of ambrosia


   Skills:
 * Level 3.5 Fighting
 + Level 0.2 Staves
 + Level 3.6 Dodging
 - Level 2.0 Stealth
 + Level 12.8 Spellcasting
 + Level 10.2 Conjurations
 + Level 1.9 Summonings
 + Level 0.2 Ice Magic
 + Level 16.8 Air Magic
 + Level 0.2 Poison Magic


You had 9 spell levels left.
You knew the following spells:

 Your Spells              Type           Power      Damage    Failure   Level
a - Shock                 Conj/Air       100%       1d9       0%          1
b - Static Discharge      Conj/Air       100%       2-7/arc   1%          2
c - Swiftness             Air            95%        N/A       0%          3
d - Airstrike             Air            47%        2d(7-23)  1%          4
e - Freezing Cloud        Conj/Ice/Air   35%        6-21      1%          5
f - Mephitic Cloud        Conj/Pois/Air  71%        N/A       1%          3
g - Arcjolt               Conj/Air       43%        1d53      1%          5
h - Summon Lightning Spi  Summ/Air       72%        N/A       1%          4

Your spell library contained the following spells:

 Spells                   Type           Power      Damage    Failure   Level
 Flame Wave               Conj/Fire      38%        2d10      1%          4
 Cigotuvi's Dreadful Rot  Necr/Pois/Air  100%       N/A       1%          2
 Momentum Strike          Conj/Tloc      76%        3d10      1%          2
 Ignite Poison            Fire/Tmut/Pois 15%        N/A       3%          3
 Necrotise                Necr           56%        1d6       4%          1
 Irradiate                Conj/Tmut      19%        3d18      4%          5
 Plasma Beam              Fire/Air       34%        2x1d47    5%          6
 Blink                    Tloc           28%        N/A       6%          2
 Lesser Beckoning         Tloc           28%        N/A       6%          2
 Sublimation of Blood     Necr           14%        N/A       6%          2
 Maxwell's Capacitive Co  Air            47%        ∞         7%          8
 Olgreb's Toxic Radiance  Pois           15%        N/A       11%         4
 Vampiric Draining        Necr           14%        2d7       13%         3
 Petrify                  Tmut/Erth      14%        N/A       38%         4
 Agony                    Necr           14%        N/A       75%         5
 Chain Lightning          Conj/Air       43%        3d57      97%         9
 Discord                  Hex            7%         N/A       100%        8
 Ignition                 Fire           7%         3d4       100%        8
 Fire Storm               Conj/Fire      19%        8d5       100%        9
 Shatter                  Erth           7%         3d9*      100%        9


Dungeon Overview and Level Annotations

Branches:
Dungeon (11/15)            Temple (1/1) D:7            Lair (2/5) D:11
    Orc (0/2) D:11         Bailey (visited)         Gauntlet (1/1)
  Swamp: Lair:2-3    Shoals: Lair:2-3     Snake: Lair:2-3    Spider: Lair:2-3

Altars:
Ashenzari
Cheibriados
Dithmenos
Elyvilon
Fedhas
Gozag
Hepliaklqana
Kikubaaqudgha
Makhleb
Nemelex Xobeh
Okawaru
Qazlal
Ru
Sif Muna
Trog
Uskayaw
Vehumet
Wu Jian
Xom
Yredelemnul
Zin
The Shining One

Shops:
D:6 [:!(*

Annotations:
D:10 1 transporter Gauntlet 7 transporters


Innate Abilities, Weirdness & Mutations

You have a beak for a mouth.
You have claws for feet.
Your magical nature lets you fly swiftly and evasively.


Message History

Magic restored.
The wolf howls! x2
The hell beast gurgles, "Embrace thy failure, thou tasty curdle!"
You start resting.
The torpor snail briefly extends its eye-stalks.
The hell beast gurgles, "Thy neck shall be my snackling!"
HP restored.
The wolf stops to sniff the ground.
There is a transporter here.
You enter the transporter and appear at another place.
There is a transporter here.
The hell hound stops to sniff the ground.
The catoblepas roars fiercely, eyes lowered.
There is a transporter here.
You enter the transporter and appear at another place.
Casting: Airstrike (safe; 1% risk of failure)
Confirm with . or Enter, or press ? or * to list all spells.
You feel a surge of power!
An electric hum fills the air.
The hell hound closely misses you.
Casting: Summon Lightning Spire (dangerous; 1% risk of failure)
Confirm with . or Enter, or press ? or * to list all spells.
You feel a surge of power!
Electricity surges outward!
The hell hound is struck by an electric surge!!
You kill the hell hound!
Vehumet accepts your kill.
You feel your power returning.
The hell beast is struck by an electric surge.
The hell beast is lightly wounded.
Your lightning spire shoots out a bolt of lightning at the hell beast!
The bolt of electricity hits the hell beast!!
Casting: Arcjolt (safe; 1% risk of failure)
Confirm with . or Enter, or press ? or * to list all spells.
You feel a surge of power!
Electricity surges outward!
The hell beast is struck by an electric surge!!
The hell beast is severely wounded.
The hell beast bites you! The hell beast tramples you!
You hold your ground!
The hell beast bites you!!
* * * LOW HITPOINT WARNING * * *
The hell beast tramples you!
You die...

### ### ### ### ### ###
##≈###≈###≈###≈###≈###≈##
#≈≈≈#≈≈≈#≈≈≈#≈≈≈#≈≈≈#≈≈≈#
##≈......................
##.#########...######### #.
##≈.#.......#.8.#.......# #.8
#≈≈.#/#.###.#...##.○##..#
#...##≈.#..8@#..#######☼☼##.#
#.8. ##.#©.#2#.##©.©#©##☼☼###
#...##..#}.#...##.8.#..##○†##
#.8.#...#=###.###...#...##..# #
#...#.∩.#.......#.8.#.......#
#.#.©.#...#########...#########
#.....#.8.....#.....8.#........
#.#.©.#...#########...#########
# #...#.∩.#...#.Y9#.8.##h#h#.##


You could see a hell beast (ally target) and a friendly lightning spire
(summoned).

Vanquished Creatures
  Gastronok (D:8)
  Harold (Lair:1)
  A tengu warrior (D:10)
  4 two-headed ogres
  A deep elf pyromancer (D:11)
  A cyclops (D:11)
  An ice statue (Gauntlet)
  2 cane toads (Lair:2)
  A rime drake (Gauntlet)
  2 komodo dragons
  A kobold demonologist (D:9)
  2 trolls
  Prince Ribbit (D:6)
  A wraith (D:9)
  3 wyverns
  6 flying skulls (Gauntlet)
  A vampire (D:9)
  17 yaks
  Grum (D:9)
  A steam dragon (D:8)
  6 water moccasins
  An acid dragon (D:9)
  A hell hound (Gauntlet)
  3 ice beasts
  A sky beast (D:7)
  8 orc warriors
  3 ogres
  8 wolves
  3 centaurs
  A phantom (D:4)
  7 kobold brigands (Bailey)
  7 bullfrogs
  A scorpion (D:6)
  9 killer bees
  2 howler monkeys (D:10)
  3 jellies (D:7)
  3 hounds
  11 orc priests
  4 gnoll boudas
  7 iguanas
  6 sleepcaps
  12 orc wizards
  18 gnolls
  6 adders
  4 white imps
  An ufetubus (D:4)
  A worm (D:4)
  3 dart slugs
  50 orcs
  4 ball pythons
  6 endoplasms
  2 giant cockroaches
  8 goblins
  9 hobgoblins
  13 jackals
  4 quokkas
  5 bats
  5 frilled lizards
  13 kobolds
  4 rats
312 creatures vanquished.

Vanquished Creatures (collateral kills)
  A boulder beetle (D:11)
  4 cane toads
  A yak (D:11)
  A black bear (Lair:1)
  2 wolves (Lair:2)
  3 bullfrogs (Lair:1)
  An orc (D:11)
13 creatures vanquished.

Grand Total: 325 creatures vanquished

Notes
Turn   | Place    | Note
-------+----------+-------------------------------------------
     0 | D:1      | Dawnplanks the Tengu Air Elementalist began the quest for
                  | the Orb.
     0 | D:1      | Reached XP level 1. HP: 10/10 MP: 4/4
   260 | D:1      | Reached XP level 2. HP: 15/15 MP: 3/6
   673 | D:1      | Found a faded altar of an unknown god.
   677 | D:1      | Learned a level 2 spell: Static Discharge
   760 | D:1      | Reached XP level 3. HP: 18/19 MP: 1/7
  1392 | D:2      | Reached XP level 4. HP: 24/24 MP: 5/9
  1815 | D:2      | Reached skill level 5 in Air Magic
  1913 | D:3      | Found a shimmering altar of Xom.
  2047 | D:3      | Gained mutation: Your magical nature lets you fly swiftly
                  | and evasively. [Tengu growth]
  2047 | D:3      | Reached XP level 5. HP: 10/28 MP: 0/10
  2596 | D:3      | Found a white marble altar of Elyvilon.
  2732 | D:4      | Found a bloodstained altar of Trog.
  2732 | D:4      | Found an ancient bone altar of Kikubaaqudgha.
  2803 | D:4      | Noticed a phantom
  2817 | D:4      | Killed a phantom
  2930 | D:4      | Reached XP level 6. HP: 33/33 MP: 3/12
  2946 | D:4      | Reached skill level 6 in Air Magic
  3276 | D:4      | Found an iron altar of Okawaru.
  3558 | D:4      | Reached skill level 1 in Fighting
  3558 | D:4      | Reached XP level 7. HP: 38/38 MP: 8/14
  3562 | D:4      | Learned a level 3 spell: Swiftness
  3567 | D:4      | Learned a level 4 spell: Airstrike
  4012 | D:5      | Entered Level 5 of the Dungeon
  4075 | D:5      | Reached skill level 5 in Conjurations
  4075 | D:5      | Reached skill level 7 in Air Magic
  4325 | D:5      | Reached XP level 8. HP: 8/43 MP: 8/16
  4480 | D:5      | You are sucked into a shaft and drop 1 floor!
  4491 | D:6      | Found Woulofig's Book Boutique.
  4496 | D:6      | Found Ceiqeqo's Armour Boutique.
  4541 | D:6      | Reached skill level 5 in Spellcasting
  4829 | D:6      | Reached skill level 8 in Air Magic
  5979 | D:6      | Reached skill level 9 in Air Magic
  6111 | D:6      | Noticed Prince Ribbit
  6120 | D:6      | Killed Prince Ribbit
  6121 | D:6      | Reached XP level 9. HP: 14/47 MP: 11/19
  6270 | D:6      | Found Halepemo's General Store.
  6278 | D:6      | Bought a staff of air for 350 gold pieces
  6313 | D:6      | Found Fucabor Leid's Distillery.
  6324 | D:6      | Bought a potion of lignification for 36 gold pieces
  6324 | D:6      | Bought a potion of brilliance for 48 gold pieces
  6324 | D:6      | Bought a potion of heal wounds for 60 gold pieces
  6629 | D:6      | Found Baof's Weapon Shop.
  6957 | D:7      | Found a staircase to the Ecumenical Temple.
  6973 | Temple   | Entered the Ecumenical Temple
  7026 | Temple   | Became a worshipper of Vehumet
  7269 | D:7      | Reached skill level 10 in Air Magic
  7791 | D:7      | Reached * piety under Vehumet
  7791 | D:7      | Offered knowledge of Kiss of Death by Vehumet.
  8326 | D:8      | Reached XP level 10. HP: 49/52 MP: 14/23
  8427 | D:8      | Noticed Gastronok
  8434 | D:8      | Noticed a two-headed ogre
  8442 | D:8      | Killed Gastronok
  8443 | D:8      | Reached skill level 11 in Air Magic
  8729 | D:8      | Reached skill level 12 in Air Magic
  9043 | D:8      | Learned a level 5 spell: Freezing Cloud
  9164 | D:8      | Noticed a two-headed ogre
  9166 | D:8      | Killed a two-headed ogre
  9304 | D:8      | Killed a two-headed ogre
  9305 | D:8      | Reached skill level 10 in Spellcasting
  9305 | D:8      | Reached skill level 13 in Air Magic
  9305 | D:8      | Reached XP level 11. HP: 56/56 MP: 11/26
  9781 | D:9      | Reached ** piety under Vehumet
  9838 | D:9      | Offered knowledge of Foxfire by Vehumet.
  9885 | D:9      | Found a flagged portal.
  9932 | Bailey   | Entered a bailey
 10322 | Bailey   | Found an iron altar of Okawaru.
 10412 | D:9      | Reached skill level 14 in Air Magic
 10784 | D:9      | Noticed Grum
 10787 | D:9      | Killed Grum
 10850 | D:10     | Entered Level 10 of the Dungeon
 10916 | D:10     | Offered knowledge of Scorch by Vehumet.
 11162 | D:10     | Found a transporter.
 11190 | D:10     | Noticed a tengu warrior
 11195 | D:10     | Killed a tengu warrior
 11365 | D:10     | Reached skill level 15 in Air Magic
 11639 | D:10     | Identified a scroll of acquirement
 11640 | D:10     | Acquired Sif Muna's Precepts of the Moneychanger
 11646 | D:10     | Learned a level 3 spell: Mephitic Cloud
 11652 | D:10     | Learned a level 5 spell: Arcjolt
 11719 | D:10     | Noticed a two-headed ogre
 11722 | D:10     | Killed a two-headed ogre
 11723 | D:10     | Reached *** piety under Vehumet
 11961 | D:11     | Noticed a two-headed ogre
 12032 | D:10     | Learned a level 4 spell: Summon Lightning Spire
 12048 | D:11     | Killed a two-headed ogre
 12049 | D:11     | Reached XP level 12. HP: 62/62 MP: 9/28
 12282 | D:11     | Noticed a boulder beetle
 12287 | D:11     | Killed a boulder beetle
 12476 | D:11     | Offered knowledge of Flame Wave by Vehumet.
 12602 | D:11     | Found a staircase to the Lair.
 12645 | D:11     | Found a staircase to the Orcish Mines.
 12742 | D:11     | Reached skill level 10 in Conjurations
 12990 | Lair:1   | Entered Level 1 of the Lair of Beasts
 13230 | Lair:1   | Reached skill level 16 in Air Magic
 13328 | Lair:1   | Noticed Harold
 13337 | Lair:1   | Killed Harold
 13493 | Lair:1   | Reached skill level 1 in Summonings
 13700 | Lair:1   | Found a white marble altar of Elyvilon.
 14282 | Lair:2   | Found a gate leading to a gauntlet.
 14300 | Gauntlet | Entered a Gauntlet
 14300 | Gauntlet | Noticed a catoblepas
 14300 | Gauntlet | Found a transporter.
 14300 | Gauntlet | Found a transporter.
 14318 | Gauntlet | Found a transporter.
 14320 | Gauntlet | Found a transporter.
 14333 | Gauntlet | Found a transporter.
 14337 | Gauntlet | Found a transporter.
 14339 | Gauntlet | Noticed a hell beast
 14341 | Gauntlet | Found a transporter.
 14361 | Gauntlet | Found a transporter.
 14363 | Gauntlet | Noticed a catoblepas
 14378 | Gauntlet | Found a transporter.
 14382 | Gauntlet | Found a transporter.
 14390 | Gauntlet | Found a transporter.
 14421 | Gauntlet | Found a transporter.
 14712 | Gauntlet | Acquired the ring "Vuoghyrgh" {+Blink rElec rN+ Dex+5}
 14967 | Gauntlet | Mangled by a hell beast

Illustrated notes

Levels and vault maps discovered:
D:1:      wander_arrival_chamber, layout_loops_cross,
          hellmonk_ecumenical_altar_inner_sanctum, wad_floor_pattern_2
D:2:      layout_rooms
D:3:      layout_rooms, lemuel_coloured_pillars_altar,
          nicolae_elyvilon_peaceful_grove, feat_on_display
D:4:      layout_basic, gammafunk_temple_overflow_forgotten
D:5:      wander_river, layout_loops_cross, minivault_1, item_on_display_b
D:6:      layout_loops_ring, serial_shops, nicolae_stop_n_shop_2, shop,
          nicolae_shop_tiny_statue_garden, nicolae_shop_tiny_glass,
          kennysheep_little_box, uniq_prince_ribbit1
D:7:      minmay_evil_eye, layout_basic, minmay_temple_entry_offerings,
          david_defended_altar_orc
D:8:      layout_cave_pools, uniq_gastronok
D:9:      layout_cave_pools, serial_column_ruins, column_ruins_hut,
          column_ruins_square_small, column_ruins_open_small_water,
          column_ruins_grid_3, column_ruins_open_small, column_ruins_open_large,
          enter_bailey_4, uniq_grum
D:10:     layout_irregular_city, nicolae_diode_basic
D:11:     wad_pebble_path, layout_loops_ring, david_lair_shrubbed, orc_0_dummy
Temple:   minmay_temple_bridge_d
Lair:1:   layout_chaotic_city, basic_altar, minivault_19,
          bh_autumn_forest_stairs, minivault_27, uniq_harold
Lair:2:   layout_cave_pods, gauntlet_entry_generic,
          portal_ice_cave_entry_pillars_1, fungi_pond_lemuel
Gauntlet: minmay_gauntlet_77_indecision
          [minmay_gauntlet_arena_77_radiant_squares,
          minmay_gauntlet_arena_77_box, minmay_gauntlet_arena_77_checkered,
          minmay_gauntlet_arena_77_two_lines,
          minmay_gauntlet_arena_77_two_paths,
          minmay_gauntlet_arena_77_broken_ladder,
          dreamdust_gauntlet_exit_labyrinth]

Skill      XL: |  1  2  3  4  5  6  7  8  9 10 11 12 |
---------------+-------------------------------------+-----
Conjurations   | 2 3 4 6 7 8 9 10 | 10.2
Air Magic      | 5 6 7 9 10 13 15 16 | 16.8
Spellcasting   | 3 4 6 8 10 11 12 | 12.8
Fighting       | 1 3 |  3.5
Dodging        | 3 |  3.6
Summonings     | 1 |  1.9
Staves         | |  0.2
Stealth        | |  2.0
Ice Magic      | |  0.2
Poison Magic   | |  0.2

Action                     |  1- 3 |  4- 6 |  7- 9 | 10-12 || total
---------------------------+-------+-------+-------+-------++-------
  Melee: Dagger            |    10 |    24 |     7 |       ||    41
         Peck              |     2 |     2 |     1 |     1 ||     6
         Kick              |     1 |     4 |     3 |     2 ||    10
         Punch             |       |       |     1 |       ||     1
         Staff             |       |       |       |    10 ||    10
   Cast: Shock             |    70 |   131 |   230 |   140 ||   571
         Airstrike         |       |       |    31 |   131 ||   162
         Static Discharge  |       |       |     8 |     5 ||    13
         Arcjolt           |       |       |       |    27 ||    27
         Summon Lightning  |       |       |       |    16 ||    16
         Mephitic Cloud    |       |       |       |     3 ||     3
         Freezing Cloud    |       |       |       |     2 ||     2
         Swiftness         |       |       |       |     1 ||     1
    Use: Scroll            |       |       |    11 |     9 ||    20
         Potion            |       |       |       |     2 ||     2
 Armour: Robe              |     4 |     2 |     3 |     6 ||    15
  Dodge: Dodged            |    27 |    21 |    35 |    64 ||   147
         Repelled          |     2 |     1 |     2 |     3 ||     8

Table legend: (Time is in decaauts)
 A = Elapsed time spent in this place.
 B = Non-inter-level travel time spent in this place.
 C = Inter-level travel time spent in this place.
 D = Time resting spent in this place.
 E = Time spent auto-exploring this place.
 F = Levels seen in this place.
 G = Mean time per level.
                   A        B        C        D        E       F      G
               +--------+--------+--------+--------+--------+-----+--------+
         Total |  14282 |  13259 |   1023 |    859 |  10404 |  16 |  892.6 |
       Dungeon |  11959 |  11155 |    804 |    470 |   9203 |  11 | 1087.2 |
        Temple |     75 |     47 |     28 |      0 |     42 |   1 |   75.0 |
          Lair |   1225 |   1035 |    190 |    193 |    706 |   2 |  612.5 |
        Bailey |    414 |    414 |      0 |     88 |    234 |   1 |  414.0 |
      Gauntlet |    608 |    608 |      0 |    107 |    218 |   1 |  608.0 |
               +--------+--------+--------+--------+--------+-----+--------+

Top non-repeatable levels by time:
     D:7: 1758 daAuts
     D:5: 1384 daAuts
     D:4: 1328 daAuts
     D:1: 1289 daAuts
     D:6: 1260 daAuts
    D:10: 991 daAuts
  Lair:1: 903 daAuts
    D:11: 902 daAuts
     D:9: 884 daAuts
     D:8: 855 daAuts
     D:3: 731 daAuts
Gauntlet: 608 daAuts
     D:2: 572 daAuts
  Bailey: 414 daAuts
  Lair:2: 321 daAuts
